 Dungeon Crawl Stone Soup version 0.30.0-5-g1a98f26d00 (webtiles) character file.

Game seed: 8834123971039839201

23 monsoonserge the Cutter (level 3, 0/23 HPs)
             Began as a Kobold Cinder Acolyte on May 13, 2023.
             Was a High Priest of Ignis.
             Slain by a hobgoblin (3 damage)
             ... on level 1 of the Dungeon.
             The game lasted 00:01:49 (786 turns).

monsoonserge the Cutter (Kobold Cinder Acolyte)      Turns: 786, Time: 00:01:49

Health: 0/23       AC:  2    Str: 11    XL:     3   Next: 12%
Magic:  0/4        EV: 13    Int: 15    God:    Ignis [*****.]
Gold:   22         SH:  0    Dex: 12    Spells: 2/4 levels left

rFire   + . .        a - -1 short sword (flame)
rCold   . . .        (no shield)
rNeg    . . .        b - +0 robe
rPois   .            (no helmet)
rElec   .            (no cloak)
rCorr   .            (no gloves)
SInv    .            (no boots)
Will    .....        (no amulet)
Stlth   +++          (no ring)
HPRegen 0.23/turn    (no ring)
MPRegen 0.09/turn

%: no passive effects
@: no status effects
A: small, no large weapons, nightstalker 3
a: Renounce Religion, Fiery Armour, Foxfire Swarm, Rising Flame


You were on level 1 of the Dungeon.
You worshipped Ignis.
Ignis was extremely pleased with you.
You visited 1 branch of the dungeon, and saw 1 of its levels.

You collected 22 gold pieces.

Inventory:

Hand Weapons
 a - a -1 short sword of flaming (weapon)
Missiles
 f - 23 stones (quivered)
Armour
 b - a +0 robe (worn)
Scrolls
 c - 2 scrolls of blinking {unknown}
 d - a scroll of enchant weapon {unknown}
 e - a scroll of teleportation {unknown}
Potions
 g - a potion of degeneration {unknown}


   Skills:
 + Level 3.4 Fighting
 + Level 4.6 Short Blades
 + Level 1.6 Stealth
 + Level 1.1 Spellcasting
 + Level 3.2 Fire Magic


You had 2 spell levels left.
You knew the following spells:

 Your Spells              Type           Power      Damage    Failure   Level
a - Scorch                Fire           20%        2d6       10%         2

Your spell library contained the following spells:

 Spells                   Type           Power      Damage    Failure   Level


Dungeon Overview and Level Annotations

Branches:
Dungeon (1/15)

Altars:


Innate Abilities, Weirdness & Mutations

You are small and have problems with some larger weapons.
You are completely attuned to the shadows.


Message History

The worm is moderately wounded.
You hit the worm. You burn the worm.
The worm is heavily wounded.
You hit the worm but do no damage.
The worm is heavily wounded.
The worm bites you!
You hit the worm. You burn the worm.
The worm is severely wounded.
You hit the worm. You burn the worm.
The worm is almost dead.
The worm bites you.
You barely miss the worm.
The worm is severely wounded.
You hit the worm but do no damage.
The worm is severely wounded.
The worm bites you!
You hit the worm. You burn the worm.
The worm is almost dead.
You barely miss the worm.
The worm is almost dead.
The hobgoblin shouts!
You hear a shout!
The worm bites you but does no damage.
You hit the worm. You burn the worm.
You kill the worm!
A goblin comes into view. It is wielding a +0 club.
You hit the hobgoblin but do no damage. The hobgoblin hits you.
You hit the hobgoblin but do no damage. The hobgoblin misses you.
You barely miss the hobgoblin. The hobgoblin closely misses you.
The goblin hits you with a +0 club.
* * * LOW HITPOINT WARNING * * *
Casting: Scorch (safe; 10% risk of failure)
Confirm with . or Enter, or press ? or * to list all spells.
Flames lash the hobgoblin but do no damage.
The hobgoblin barely misses you. The goblin barely misses you.
Casting: Scorch (safe; 10% risk of failure)
Confirm with . or Enter, or press ? or * to list all spells.
Flames lash the goblin.
You kill the goblin!
The hobgoblin hits you.
You die...

#..÷.....###†....
...........#.####
....÷............
##...............
...# #...............
....##...............
.....#...............
^..)g#.##+#####......
....@.## #......
.^...## #......
..>..# #...... .^^.##
##'#### ..^# #.....
######


You could see a hobgoblin.

Vanquished Creatures
  A worm (D:1)
  A dart slug (D:1)
  An endoplasm (D:1)
  A giant cockroach (D:1)
  4 goblins (D:1)
  3 hobgoblins (D:1)
  A quokka (D:1)
  A ball python (D:1)
  4 bats (D:1)
  3 rats (D:1)
20 creatures vanquished.

Notes
Turn   | Place    | Note
-------+----------+-------------------------------------------
     0 | D:1      | monsoonserge the Kobold Cinder Acolyte began the quest for
                  | the Orb.
     0 | D:1      | Reached XP level 1. HP: 14/14 MP: 2/2
   213 | D:1      | Reached skill level 1 in Stealth
   213 | D:1      | Reached XP level 2. HP: 19/19 MP: 3/3
   216 | D:1      | Learned a level 2 spell: Scorch
   744 | D:1      | Reached XP level 3. HP: 22/23 MP: 4/4
   786 | D:1      | Slain by a hobgoblin

Illustrated notes

Levels and vault maps discovered:
D:1:      heliophobic_arrival_glass_houses, layout_basic,
          minmay_misc_feat_secret_circle, chequers_avenue, nicolae_wormholes

Skill      XL: |  1 |
---------------+----+-----
Stealth        | 1 |  1.6
Fighting       | |  3.4
Short Blades   | |  4.6
Spellcasting   | |  1.1
Fire Magic     | |  3.2

Action                     || total
---------------------------++-------
  Melee: Short sword       ||    62
   Cast: Scorch            ||     2
   Stab: Sleeping          ||     9
 Armour: Robe              ||     8
  Dodge: Dodged            ||    18
